 Dungeon Crawl Stone Soup version 0.30-a0-743-gbfdf073431 (webtiles) character file.

Game seed: 333219788461655789

359 Lavandula the Slasher (level 6, -3/47 HPs)
             Began as a Human Monk on Feb 6, 2023.
             Slain by a goblin
             ... wielding a +0 dagger
             ... led by Robin
              (5 damage)
             ... on level 3 of the Dungeon.
             The game lasted 00:05:25 (3378 turns).

Lavandula the Slasher (Human Monk)                  Turns: 3378, Time: 00:05:26

Health: -3/47      AC:  3    Str: 19    XL:     6   Next: 98%
Magic:  6/6        EV: 13    Int: 11    God:
Gold:   142        SH:  0    Dex: 15    Spells: 5/5 levels left

rFire   . . .      SeeInvis .    a - +0 falchion
rCold   . . .      Faith    .    (no shield)
rNeg    . . .      Spirit   .    b - +0 robe
rPois   +          Reflect  .    (no helmet)
rElec   .          Harm     .    (no cloak)
rCorr   .          Rampage  .    n - +0 pair of gloves
Will    .....                    (no boots)
Stlth   ++                       (no amulet)
HPRegen 0.27/turn                s - +6 ring of strength
MPRegen 0.10/turn                i - ring of poison resistance

@: no status effects
A: no striking features
a: no special abilities


You were on level 3 of the Dungeon.
You visited 1 branch of the dungeon, and saw 3 of its levels.
You also visited: Sewer.

You collected 142 gold pieces.

Inventory:

Hand Weapons
 a - a +0 falchion (weapon)
Missiles
 j - a curare-tipped dart
 o - 5 poisoned darts (quivered)
Armour
 b - a +0 robe (worn)
 n - a +0 pair of gloves (worn)
 w - a +0 buckler
Jewellery
 i - a ring of poison resistance (right hand)
 s - a +6 ring of strength (left hand)
Scrolls
 d - 2 scrolls of identify {unknown}
 f - a scroll of amnesia {unknown}
 p - a scroll of summoning {unknown}
 q - a scroll of enchant weapon {unknown}
 t - 2 scrolls of teleportation {unknown}
 u - a scroll of noise {unknown}
 v - a scroll of immolation {unknown}
 x - a scroll of fear {unknown}
Potions
 c - a potion of ambrosia
 e - a potion of might {unknown}
 g - 2 potions of heal wounds {unknown}
 h - 2 potions of haste
 k - a potion of brilliance {unknown}
 l - 2 potions of invisibility {unknown}
 m - a potion of flight {unknown}
 r - a potion of mutation {unknown}


   Skills:
 - Level 3.0 Fighting
 + Level 7.3 Long Blades
 - Level 3.0 Dodging
 - Level 2.0 Stealth


You had 5 spell levels left.
You didn't know any spells.
Your spell library contained the following spells:

 Spells                   Type           Power      Damage    Failure   Level
 Beastly Appendage        Tmut           0%         N/A       34%         1
 Slow                     Hex            0%         N/A       34%         1
 Ensorcelled Hibernation  Hex/Ice        0%         N/A       47%         2
 Passwall                 Tmut/Erth      0%         N/A       47%         2
 Wereblood                Tmut           0%         N/A       47%         2
 Confusing Touch          Hex            0%         N/A       71%         3
 Spider Form              Tmut/Pois      0%         N/A       71%         3
 Swiftness                Air            0%         N/A       71%         3
 Vampiric Draining        Necr           0%         2d6       71%         3


Dungeon Overview and Level Annotations

Branches:
Dungeon (3/15)              Sewer (visited)

Altars:

Annotations:
D:3 Robin


Message History

You hit the goblin but do no damage.
The goblin is heavily wounded.
The goblin barely misses you. x2; The goblin hits you with a +0 dagger.
Robin roars a battlecry!
The hobgoblin goes into a battle-frenzy!
The goblin hits you with a +0 club.
You barely miss the goblin.
The goblin is heavily wounded.
The goblin no longer looks unusually strong.
The goblin misses you.
The goblin hits you but does no damage. x2
The goblin barely misses you.
You hit the goblin.
The goblin is severely wounded.
The goblin hits you with a +0 dagger. The goblin hits you but does no damage.
The goblin hits you with a +0 dagger.
* * * LOW HITPOINT WARNING * * *
The goblin barely misses you.
You hit the goblin but do no damage.
The goblin is severely wounded.
The goblin no longer looks unusually strong.
The hobgoblin no longer looks unusually strong. x2
The goblin hits you but does no damage. The goblin completely misses you.
The goblin hits you but does no damage. The goblin misses you.
You hit the goblin.
You kill the goblin!
The goblin no longer looks unusually strong.
The goblin closely misses you. The goblin hits you with a +0 dagger.
* * * LOW HITPOINT WARNING * * *
Robin roars a battlecry!
The goblins go into a battle-frenzy!
The goblin hits you with a +0 dagger.
* * * LOW HITPOINT WARNING * * *
The goblin attacks as you move away! The goblin hits you with a +0 dagger.
* * * LOW HITPOINT WARNING * * *
The goblin hits you with a +0 dagger.
* * * LOW HITPOINT WARNING * * *
Robin throws the goblin at you!
* * * LOW HITPOINT WARNING * * *
The goblin hits you with a +0 dagger.
You die...

..###.#†..........# ###.#.#.##
.......#...........###.....#.#
#..###......#......##......#.##
............############.#.#.##
#####....#.############.....##
#....#....................
#.)..#.###......#####..###
#....#g###<............#
#.....g.g@......########
#†)...ggg#g#+#.##
#..........g#.#....###
.......#####............#
#.#.##..#####...#.######## # #.
#............# # #..g.#.##.####
### ###### #............####.#
#..... .....##...###...###.####


You could see Robin, 3 hobgoblins and 4 goblins.

Vanquished Creatures
  2 kobold brigands (Sewer)
  A hound (D:2)
  A gnoll (D:1)
  5 adders
  5 river rats (Sewer)
  A worm (D:2)
  2 dart slugs (D:2)
  An orc (D:3)
  5 bats
  7 endoplasms
  5 giant cockroaches
  6 hobgoblins
  3 jackals (Sewer)
  7 quokkas
  8 ball pythons
  4 frilled lizards
  6 goblins
  11 kobolds
  6 rats
86 creatures vanquished.

Vanquished Creatures (others)
  11 plants (Sewer)
11 creatures vanquished.

Grand Total: 97 creatures vanquished

Notes
Turn   | Place    | Note
-------+----------+-------------------------------------------
     0 | D:1      | Lavandula the Human Monk began the quest for the Orb.
     0 | D:1      | Reached XP level 1. HP: 18/18 MP: 1/1
   133 | D:1      | Reached XP level 2. HP: 21/24 MP: 2/2
   524 | D:1      | Reached skill level 4 in Long Blades
   524 | D:1      | Reached XP level 3. HP: 29/29 MP: 3/3
  1250 | D:2      | Reached skill level 5 in Long Blades
  1250 | D:2      | Reached XP level 4. HP: 23/35 MP: 4/4
  1450 | D:2      | Found a faded altar of an unknown god.
  1636 | D:1      | Reached XP level 5. HP: 36/41 MP: 5/5
  2028 | D:3      | Found a glowing drain.
  2034 | Sewer    | Entered a sewer
  2037 | Sewer    | Noticed a kobold brigand
  2074 | Sewer    | Killed a kobold brigand
  2075 | Sewer    | Reached skill level 6 in Long Blades
  2075 | Sewer    | Reached XP level 6. HP: 11/47 MP: 6/6
  2480 | Sewer    | Reached skill level 7 in Long Blades
  3353 | D:3      | Noticed Robin
  3378 | D:3      | HP: 2/47 [Robin/goblin (1)]
  3378 | D:3      | Slain by a goblin

Illustrated notes

Levels and vault maps discovered:
D:1:      minmay_arrival_four_houses, layout_loops_corners,
          roderic_roman_lattice, minmay_tetromino_l2
D:2:      layout_basic, hellmonk_ecumenical_altar_run_dry,
          chequers_serial_rivers_room_b, ebering_dispersal_statue_hall,
          minmay_increasing_density
D:3:      layout_basic, gup_sewer_entry_bubbles, chequers_garden, uniq_robin

Skill      XL: |  1  2  3  4  5  6 |
---------------+-------------------+-----
Long Blades    | 4 5 6 7 |  7.3
Fighting       | |  3.0
Dodging        | |  3.0
Stealth        | |  2.0

Action                     |  1- 3 |  4- 6 || total
---------------------------+-------+-------++-------
  Melee: Falchion          |    96 |   211 ||   307
         Punch             |     1 |     3 ||     4
  Throw: Dart              |       |     1 ||     1
    Use: Potion            |       |     3 ||     3
   Stab: Sleeping          |     9 |     3 ||    12
 Armour: Robe              |    10 |    27 ||    37
  Dodge: Dodged            |    58 |   131 ||   189

Table legend: (Time is in decaauts)
 A = Elapsed time spent in this place.
 B = Non-inter-level travel time spent in this place.
 C = Inter-level travel time spent in this place.
 D = Time resting spent in this place.
 E = Time spent auto-exploring this place.
 F = Levels seen in this place.
 G = Mean time per level.
                   A        B        C        D        E       F      G
               +--------+--------+--------+--------+--------+-----+--------+
         Total |   3554 |   3537 |     17 |    310 |   2336 |   4 |  888.5 |
       Dungeon |   2382 |   2365 |     17 |    179 |   1613 |   3 |  794.0 |
         Sewer |   1172 |   1172 |      0 |    131 |    723 |   1 | 1172.0 |
               +--------+--------+--------+--------+--------+-----+--------+

Top non-repeatable levels by time:
   Sewer: 1172 daAuts
     D:1: 1150 daAuts
     D:3: 620 daAuts
     D:2: 612 daAuts
